Map: Beckett Industries LE

Players

Player 2

  • Race: Zerg Zerg

QuietMind - Winner!

  • Race: Terran Terran

VOD

Have the link to the VOD?

Description

Time

  • Played on: Sept. 20, 2021, 12:46 a.m.
  • Length: 12:50
Show
View Real Time Build Order
Export as new Build Order

Player 2 Zerg 

Build Orders: Hatch First 

Get SALT Encoding   

  12  0:01  Drone  
  13  0:12  Overlord  
  13  0:17  Drone  
  14  0:41  Hatchery  
  13  0:45  Drone  
  14  1:02  Spawning Pool  
  13  1:05  Drone  
  13  1:08  Extractor  
  13  1:12  Drone  
  14  1:19  Overlord  
  14  1:49  Queen  
  14  1:50  Zergling x2  
  14  1:52  Zergling x2  
  18  1:56  Roach Warren  
  17  2:02  Drone  
  17  2:06  Extractor  
  17  2:10  Drone  
  18  2:16  Zergling x2  
  18  2:20  Drone  
  20  2:28  Drone  
  21  2:35  Drone  
  22  2:42  Drone  
  23  2:49  Drone  
  24  2:56  Drone  
  25  3:03  Drone  
  25  3:04  Roach  
  28  3:09  Overlord  
  28  3:13  Drone  
  28  3:20  Drone  
  29  3:27  Drone  
  30  3:35  Drone  
  31  3:42  Drone  
  31  3:44  Overlord  
  32  3:49  Drone  
  32  3:53  Roach  
  32  3:54  Lair  
  35  3:56  Drone  
  36  4:04  Drone  
  37  4:11  Drone  
  38  4:18  Drone  
  39  4:26  Drone  
  40  4:33  Drone  
  40  4:34  Overlord  
  41  4:41  Drone, Roach  
  44  4:48  Drone  
  44  4:51  Overseer x2  
  45  4:55  Drone  
  45  4:57  Extractor  
  45  5:02  Extractor, Drone  
  45  5:10  Drone  
  46  5:17  Drone  
  47  5:24  Drone  
  48  5:30  Roach  
  48  5:31  Drone  
  51  5:38  Drone  
  52  9:22  Zergling x2  
  51  9:28  Overseer, Overlord  
  51  9:30  Queen  
  43  9:35  Drone  
  37  9:42  Drone  
  25  9:49  Drone  
  26  9:54  Zergling x2  
Show
View Real Time Build Order
Export as new Build Order

QuietMind Terran - Winner!

Build Orders: Mech 

Get SALT Encoding   

  12  0:00  SCV  
  13  0:12  SCV  
  14  0:16  Supply Depot  
  14  0:24  SCV  
  15  0:38  SCV  
  15  0:39  Barracks  
  16  0:43  Refinery  
  16  0:50  SCV  
  17  1:02  SCV  
  18  1:14  SCV  
  19  1:26  Orbital Command  
  19  1:36  Command Center  
  19  1:39  Marine  
  20  1:51  Factory  
  20  1:53  SCV  
  21  2:01  Supply Depot  
  21  2:08  Refinery  
  21  2:09  SCV  
  21  2:11  Barracks Tech Lab  
  22  2:21  SCV  
  23  2:33  SCV  
  24  2:39  Marine  
  24  2:41  Siege Tank  
  28  2:45  SCV  
  29  2:55  Bunker  
  29  2:57  SCV, Marine  
  31  3:03  Orbital Command  
  31  3:09  SCV  
  32  3:13  Siege Tank  
  32  3:17  Marine  
  36  3:21  SCV  
  36  3:24  Armory  
  36  3:25  Supply Depot  
  37  3:29  SCV  
  37  3:33  SCV  
  39  3:36  Marine  
  39  3:41  SCV  
  41  3:46  SCV, Widow Mine  
  44  3:51  Supply Depot  
  44  3:56  Command Center  
  44  3:58  SCV  
  44  4:00  SCV  
  44  4:01  Barracks Reactor  
  46  4:07  Widow Mine  
  48  4:10  SCV  
  48  4:12  SCV  
  48  4:14  Supply Depot  
  50  4:22  SCV  
  51  4:24  SCV, Factory  
  52  4:33  Thor  
  52  4:34  SCV  
  52  4:36  SCV  
  60  4:46  SCV  
  60  4:48  Supply Depot, Barracks Tech Lab, SCV  
  60  4:50  Engineering Bay  
  62  4:57  Supply Depot  
  62  4:58  SCV  
  63  5:00  SCV, Refinery  
  64  5:07  Marauder  
  64  5:09  Orbital Command  
  64  5:10  SCV  
  64  5:12  SCV  
  68  5:18  Thor  
  68  5:21  Supply Depot  
  74  5:22  SCV  
  74  5:23  Bunker  
  74  5:25  SCV, Hellbat  
  74  5:27  Orbital Command  
  74  5:28  Hellbat  
  80  5:31  Missile Turret  
  80  5:35  Missile Turret  
  80  5:47  Marauder  
  80  5:48  Hellbat  
  84  5:57  Supply Depot  
  84  5:59  SCV x3  
  84  6:00  Hellbat  
  84  6:01  Thor  
  95  6:05  Supply Depot  
  95  6:08  Refinery  
  95  6:10  Marauder  
  95  6:11  SCV x3, Hellbat  
  102  6:16  Terran Vehicle Weapons Level 1  
  102  6:20  Missile Turret  
  102  6:22  Supply Depot  
  102  6:23  SCV x2  
  102  6:24  SCV  
  105  6:28  Supply Depot, Hellbat  
  107  6:33  Marauder  
  107  6:34  Hellbat  
  107  6:35  SCV  
  107  6:37  SCV x2  
  114  6:46  Thor  
  120  6:47  SCV  
  120  6:49  SCV  
  120  6:50  SCV  
  123  6:57  Marauder, Hellbat x2  
  123  6:58  Supply Depot  
  123  6:59  SCV  
  130  7:02  SCV x2  
  130  7:04  Command Center  
  132  7:11  SCV  
  132  7:12  Armory  
  132  7:14  SCV x2  
  135  7:15  Factory  
  135  7:18  Infernal Pre-Igniter  
  135  7:20  Hellbat x2  
  135  7:21  Marauder  
  141  7:23  SCV  
  141  7:26  Refinery  
  141  7:27  Refinery  
  141  7:28  SCV x2  
  144  7:36  SCV  
  145  7:40  SCV x2  
  145  7:41  Supply Depot  
  145  7:42  Hellbat  
  149  7:48  Thor, Hellbat  
  149  7:51  Barracks Tech Lab  
  157  7:55  Supply Depot x2  
  157  7:57  SCV x3  
  160  8:01  Terran Vehicle And Ship Armor Level 1  
  162  8:05  Thor  
  162  8:06  Hellbat  
  162  8:09  SCV x3  
  162  8:10  Marauder  
  162  8:11  Factory  
  173  8:13  Terran Vehicle Weapons Level 2  
  173  8:16  Supply Depot  
  173  8:21  SCV  
  173  8:22  SCV x2  
  176  8:32  Thor  
  176  8:33  SCV, Hellbat x2  
  187  8:34  SCV x2  
  187  8:36  Marauder, Command Center  
  187  8:40  Missile Turret  
  187  8:41  Planetary Fortress  
  191  8:45  SCV  
  191  8:47  SCV x2  
  194  8:53  Thor  
  200  9:03  Refinery  
  200  9:04  Refinery  
  200  9:18  Factory  
  200  9:19  Factory  
  200  9:21  Starport  
  200  9:22  Factory  
  198  9:25  Hi-Sec Auto Tracking  
  198  9:30  Command Center  
  198  9:32  SCV x2, Command Center  
  200  9:49  Factory Tech Lab  
  200  9:59  Terran Vehicle And Ship Armor Level 2  
  200  10:06  Factory Reactor, Factory Tech Lab  
  200  10:07  Factory Tech Lab  
  200  10:08  Starport Tech Lab  
  199  10:16  SCV  
  200  10:23  Command Center  
  200  10:25  Neosteel Armor, Command Center  
  200  10:26  Fusion Core  
  200  10:45  Starport  
  200  10:46  Starport  
  200  10:49  Starport  
  200  10:51  Factory x2  
  200  10:58  Orbital Command  
  200  10:59  Orbital Command  
  200  11:00  Planetary Fortress  
  200  11:08  Missile Turret  
  200  11:22  Starport Tech Lab x2  
  200  11:31  Starport Tech Lab  
  200  11:37  Orbital Command x2  
  200  11:39  Command Center  
Tags
 
Add a new tag
Caveats
  • Supply blocks, unpowered buildings, or Contaminate may cause inaccurate times.
  • Supply counts are checked every 10 seconds.